 Dungeon Sprint DCSS version 0.30-a0-711-gf4ac18a38d (webtiles) character file.

Game seed: 7202639255611287680

16265 mhtbhm the Eviscerator (level 12, 0/61 HPs)
             Began as a Felid Monk on Jan 22, 2023.
             Was an Initiate of Gozag.
             Constricted to death by a shambling mangrove (13 damage)
             ... in the Dungeon (Sprint IX: "|||||||||||||||||||||||||||||").
             The game lasted 00:08:42 (3543 turns).

mhtbhm the Eviscerator (Felid Monk)                 Turns: 3543, Time: 00:08:43

Health: 0/61       AC:  9    Str: 11    XL:     12   Next: 8%
Magic:  20/20      EV: 30    Int: 12    God:    Gozag
Gold:   7808       SH:  0    Dex: 19    Spells: 15/21 levels left
                                        Lives:  0   Deaths: 2

rFire   + . .      SeeInvis +      - Unarmed
rCold   + + .      Faith    .    (shield unavailable)
rNeg    . . .      Spirit   .    (body armour unavailable)
rPois   +          Reflect  .    (helmet unavailable)
rElec   +          Harm     .    (cloak unavailable)
rCorr   +          Rampage  .    (gloves unavailable)
Will    +....      NoTele   +    (boots unavailable)
Stlth   ++++++++                 (no amulet)
HPRegen 0.30/turn                j - +2 ring of protection
MPRegen 0.17/turn                l - +4 ring of protection

@: mighty, resistant, grasped by roots, gold aura, hasted, constricted, very
quick
A: very small, claws 1, fangs 3, see invisible, speed 1, shaggy fur 3, stealthy
paws, no weapons or thrown items, no armour, multi-lived
a: Renounce Religion, Potion Petition, Call Merchant, Bribe Branch


You were in the Dungeon.
You worshipped Gozag.
Gozag was greatly pleased with you.
You visited 1 branch You collected 12156 gold pieces.
You spent 931 gold pieces at shops.
You paid 3417 gold pieces to Gozag.

Inventory:

Jewellery
 j - a +2 ring of protection (left paw)
 l - a +4 ring of protection (right paw)
 s - a ring of ice
 t - a ring of willpower
Wands
 m - a wand of flame (6)
Scrolls
 g - a scroll of blinking
 h - 2 scrolls of amnesia
 k - a scroll of magic mapping {unknown}
 n - 3 scrolls of identify
 o - 3 scrolls of fear
 p - 3 scrolls of fog
 q - a scroll of immolation
Potions
 a - a potion of ambrosia
 d - a potion of might
 e - 4 potions of magic
 f - 4 potions of berserk rage
 r - 3 potions of resistance
 u - 2 potions of mutation


   Skills:
 + Level 11.9 Fighting
 + Level 18.9 Dodging
 + Level 21.7 Stealth
 + Level 25.2 Unarmed Combat
 + Level 5.3 Spellcasting
 + Level 5.7 Transmutations
 + Level 7.1 Evocations


You had 15 spell levels left.
You knew the following spells:

 Your Spells              Type           Power      Damage    Failure   Level
a - Wereblood             Tmut           16%        N/A       2%          2
b - Beastly Appendage     Tmut           32%        N/A       1%          1
c - Spider Form           Tmut/Pois      10%        N/A       19%         3

Your spell library contained the following spells:

 Spells                   Type           Power      Damage    Failure   Level
 Sublimation of Blood     Necr           3%         N/A       30%         2
 Summon Hydra             Summ           1%         N/A       100%        7


Dungeon Overview and Level Annotations

Branches:
Dungeon (1/1)

Altars:
Cheibriados
Dithmenos
Elyvilon
Fedhas
Gozag
Hepliaklqana
Kikubaaqudgha
Makhleb
Nemelex Xobeh
Okawaru
Qazlal
Ru
Sif Muna
Trog
Uskayaw
Vehumet
Wu Jian
Xom
Yredelemnul
Zin
The Shining One
Jiyva
Lugonu

Shops:
D ?*(:(


Innate Abilities, Weirdness & Mutations

You have sharp claws.
You have razor-sharp teeth.
You have supernaturally acute eyesight. (SInv)
You cover ground quickly. (Speed+)
Your thick and shaggy fur keeps you warm. (AC +3, rC+)
Your paws help you pounce on unaware monsters.
You are incapable of wielding weapons or throwing items.
You cannot wear armour.
You gain extra lives every three experience levels.


Message History

The spriggan rider completely misses you.
You feel better.
The spriggan rider hits you from afar with a +0 spear!
* * * LOW HITPOINT WARNING * * *
You feel better.
Roots burst forth from the earth!
The grasping roots grab you! The grasping roots constrict you!
* * * LOW HITPOINT WARNING * * *
[a] - 572 gold - might, brilliance, resistance and invisibility [b] - 184 gold - heal wounds and curing [c] - 378 gold - resistance and might Purchase which effect?
You feel much better.
You feel better.
The spriggan rider hits you from afar with a +0 spear.
Okay, then.
You escape the roots grasp.
The spriggan rider completely misses you.
Roots burst forth from the earth!
The grasping roots grab you! The grasping roots constrict you!
You mangle the spriggan rider!!
Flame seeps out of the spriggan rider.
Your claw misses the spriggan rider.
The spriggan rider is moderately wounded.
You mangle the spriggan rider!!
Flame seeps out of the spriggan rider.
The spriggan rider is almost dead.
You miss the spriggan rider.
The spriggan rider is almost dead.
The spriggan rider is engulfed in blazing flames.
You blow up the hornet!
The spriggan rider explodes!
The fiery explosion engulfs the bloated husk!
Flame seeps out of the bloated husk.
The bloated husk is severely damaged.
The fiery explosion engulfs you! You resist.
Unknown command.
The roots grasp on you weakens, but your attempt to escape fails.
You are engulfed in blazing flames.
You resist.
* * * LOW HITPOINT WARNING * * *
The grasping roots constrict you!
You die...
Your body crumbles into a pile of gold.

▓.▓.▓[▓.▓[▓.▓'▓.▓_
▓x▓.▓[▓.▓[▓.▓.▓.▓_
▓)▓.▓∩▓.▓[▓.▓.▓.▓_
▓f▓.▓[▓.▓)▓.▓.▓.▓_
▓$▓.▓[▓.▓'▓.▓.▓.▓_
▓$▓.▓[▓.▓.▓.▓.▓.▓_
▓n▓.▓[▓.▓.▓.▓.▓.▓_
▓○▓.▓[▓.▓.▓.▓.▓.▓_
▓@▓.▓.▓.▓)▓.▓.▓.▓_
▓.▓.▓)▓.▓)▓.▓.▓.▓_
▓.▓.▓)▓.▓.▓.▓'▓.▓_
▓.▓.▓)▓.▓)▓.▓=▓.▓_
▓.▓.▓)▓.▓)▓.▓.▓.▓_
▓)▓.▓)▓.▓)▓.▓.▓.▓_
▓)▓.▓)▓.▓)▓.▓.▓.▓_
▓)▓.▓)▓.▓)▓.▓.▓.▓'
▓'▓.▓)▓.▓)▓.▓.▓.▓.


You could see a shambling mangrove (inner flame), a bunyip (inner flame) and a
bloated husk (inner flame).

Vanquished Creatures
  Agnes (D)
  A fire giant (D)
  A stone giant (D)
  A very ugly thing (D)
  An eleionoma (D)
  An ettin (D)
  A fire dragon (D)
  A merfolk impaler (D)
  3 ogre magi (D)
  A hydra (D)
  Erolcha (D)
  2 centaur warriors (D)
  2 boulder beetles (D)
  An anaconda (D)
  A merfolk aquamancer (D)
  4 two-headed ogres (D)
  A naga warrior (D)
  2 shock serpents (D)
  2 naga sharpshooters (D)
  A spriggan (D)
  A skeletal warrior (D)
  A sea snake (shapeshifter) (D)
  A sea snake (D)
  A spriggan druid (D)
  A naga ritualist (D)
  2 wizards (D)
  A mana viper (D)
  2 orc knights (D)
  A necromancer (D)
  A lindwurm (D)
  2 manticores (D)
  An orc sorcerer (D)
  2 merfolk sirens (D)
  3 black mambas (D)
  2 cane toads (D)
  2 rime drakes (D)
  A gargoyle (D)
  A komodo dragon (D)
  5 tyrant leeches (D)
  A polar bear (D)
  3 hornets (D)
  A blink frog (D)
  A slime creature (D)
  2 snapping turtles (D)
  A yak (D)
  Eustachio (D)
  4 water moccasins (D)
  8 orc warriors (D)
  A wolf (D)
  8 ogres (D)
  2 centaurs (D)
  2 bullfrogs (D)
  A hound (D)
  3 orc priests (D)
  2 iguanas (D)
  10 orc wizards (D)
  2 worms (D)
  5 orcs (D)
  A giant cockroach (D)
  A hobgoblin (D)
  2 bats (D)
  A frilled lizard (D)
123 creatures vanquished.

Vanquished Creatures (others)
  A centaur warrior (D)
  An unseen horror (D)
2 creatures vanquished.

Grand Total: 125 creatures vanquished

Notes
Turn   | Place    | Note
-------+----------+-------------------------------------------
     0 | D        | mhtbhm the Felid Monk began the quest for the Orb.
     0 | D        | Reached XP level 1. HP: 10/10 MP: 2/2
    15 | D        | Noticed an iguana
    15 | D        | Noticed a hound
    15 | D        | Noticed an iguana
    15 | D        | Noticed an ogre
    20 | D        | Killed an ogre
    21 | D        | Reached skill level 5 in Fighting
    21 | D        | Reached skill level 5 in Stealth
    21 | D        | Reached skill level 5 in Unarmed Combat
    21 | D        | Reached XP level 2. HP: 16/16 MP: 3/3
    21 | D        | Reached XP level 3. HP: 19/19 MP: 4/4
    21 | D        | Reached XP level 4. HP: 23/23 MP: 5/5
    29 | D        | Reached skill level 6 in Unarmed Combat
    29 | D        | Reached XP level 5. HP: 27/27 MP: 6/6
    43 | D        | Found a snail-covered altar of Cheibriados.
    43 | D        | Found a shadowy altar of Dithmenos.
    43 | D        | Found a white marble altar of Elyvilon.
    43 | D        | Found a blossoming altar of Fedhas.
    43 | D        | Found an opulent altar of Gozag.
    44 | D        | Found a hazy altar of Hepliaklqana.
    45 | D        | Found a viscous altar of Jiyva.
    46 | D        | Found an ancient bone altar of Kikubaaqudgha.
    47 | D        | Found a corrupted altar of Lugonu.
    48 | D        | Found a burning altar of Makhleb.
    49 | D        | Found a sparkling altar of Nemelex Xobeh.
    50 | D        | Found an iron altar of Okawaru.
    51 | D        | Found a stormy altar of Qazlal.
    52 | D        | Found a sacrificial altar of Ru.
    53 | D        | Found a shimmering blue altar of Sif Muna.
    54 | D        | Found a bloodstained altar of Trog.
    55 | D        | Found a hide-covered altar of Uskayaw.
    56 | D        | Found a radiant altar of Vehumet.
    57 | D        | Found an ornate altar of the Wu Jian Council.
    58 | D        | Found a shimmering altar of Xom.
    69 | D        | Became a worshipper of Gozag Ym Sagoz the Greedy
    78 | D        | Found a basalt altar of Yredelemnul.
    79 | D        | Found a glowing silver altar of Zin.
    80 | D        | Found a glowing golden altar of the Shining One.
   110 | D        | Noticed a centaur
   110 | D        | Noticed a hornet
   110 | D        | Noticed a centaur
   110 | D        | Noticed an orc warrior
   110 | D        | Noticed an orc warrior
   110 | D        | Noticed a two-headed ogre
   122 | D        | Killed a two-headed ogre
   122 | D        | Killed an orc warrior
   123 | D        | Reached skill level 10 in Unarmed Combat
   123 | D        | Gained mutation: You are covered in thick fur. (AC +2)
                  | [Felid growth]
   123 | D        | Reached XP level 6. HP: 34/34 MP: 7/7
   123 | D        | Reached XP level 7. HP: 38/38 MP: 8/8
   128 | D        | Reached XP level 8. HP: 42/42 MP: 9/9
   130 | D        | Killed a hornet
   137 | D        | Reached skill level 10 in Stealth
   137 | D        | Reached skill level 11 in Unarmed Combat
   160 | D        | Noticed a slime creature
   160 | D        | Noticed a gargoyle
   160 | D        | Noticed a centaur warrior
   160 | D        | Noticed an unseen horror
   160 | D        | Noticed a centaur warrior
   160 | D        | Noticed a boulder beetle
   175 | D        | Killed a boulder beetle
   176 | D        | Reached skill level 10 in Fighting
   176 | D        | Killed an unseen horror
   179 | D        | Killed a centaur warrior
   180 | D        | Reached skill level 12 in Unarmed Combat
   180 | D        | Reached XP level 9. HP: 45/47 MP: 10/10
   185 | D        | Killed a centaur warrior
   186 | D        | Reached skill level 13 in Unarmed Combat
   186 | D        | Reached skill level 5 in Evocations
   188 | D        | Killed a gargoyle
   438 | D        | Noticed a komodo dragon
   438 | D        | Noticed a black mamba
   447 | D        | Killed a black mamba
   454 | D        | Killed a komodo dragon
   455 | D        | Noticed a black mamba
   469 | D        | Reached skill level 15 in Dodging
   469 | D        | Reached skill level 14 in Unarmed Combat
   469 | D        | Reached XP level 10. HP: 44/51 MP: 11/11
   487 | D        | Reached skill level 15 in Stealth
   492 | D        | Killed a black mamba
   797 | D        | Noticed a cane toad
   800 | D        | Reached skill level 15 in Unarmed Combat
   800 | D        | Noticed a cane toad
   813 | D        | Killed a cane toad
   822 | D        | Killed a cane toad
   823 | D        | Reached skill level 16 in Unarmed Combat
   918 | D        | Noticed a lindwurm
  1269 | D        | Killed a lindwurm
  1270 | D        | Reached skill level 17 in Unarmed Combat
  1270 | D        | Reached XP level 11. HP: 54/55 MP: 12/12
  1353 | D        | Noticed Eustachio
  1360 | D        | Killed Eustachio
  1435 | D        | Noticed an orc knight
  1450 | D        | Killed an orc knight
  1485 | D        | Noticed an orc sorcerer
  1493 | D        | Killed an orc sorcerer
  1494 | D        | Reached skill level 18 in Unarmed Combat
  1586 | D        | Found Konuyrch's Weapon Boutique.
  1586 | D        | Noticed an ogre mage
  1586 | D        | Noticed a two-headed ogre
  1586 | D        | Noticed an ogre mage
  1586 | D        | Noticed an ogre mage
  1588 | D        | Killed an ogre mage
  1589 | D        | Found Piffil's Book Shop.
  1589 | D        | Noticed a two-headed ogre
  1592 | D        | Killed an ogre mage
  1593 | D        | Reached skill level 19 in Unarmed Combat
  1598 | D        | Killed a two-headed ogre
  1604 | D        | Killed an ogre mage
  1605 | D        | Found Eciat's Weapon Boutique.
  1610 | D        | Killed a two-headed ogre
  1615 | D        | Found Orah's Assorted Antiques.
  1626 | D        | Noticed a two-headed ogre
  1638 | D        | Killed a two-headed ogre
  1639 | D        | Reached skill level 20 in Unarmed Combat
  1720 | D        | Bought a potion of curing for 63 gold pieces
  1720 | D        | Bought a scroll labelled KUZXOQOGEU for 21 gold pieces
  1720 | D        | Bought a scroll labelled NEXILECHAR for 21 gold pieces
  1720 | D        | Bought a scroll of identify for 42 gold pieces
  1720 | D        | Bought a red potion for 18 gold pieces
  1724 | D        | Bought a book of Blood for 364 gold pieces
  1724 | D        | Bought a book of Changes for 234 gold pieces
  1727 | D        | Learned a level 2 spell: Wereblood
  1730 | D        | Learned a level 1 spell: Beastly Appendage
  1734 | D        | Learned a level 3 spell: Spider Form
  1777 | D        | Noticed Erolcha
  1786 | D        | Killed Erolcha
  1906 | D        | Noticed a wizard
  1906 | D        | Noticed a five-headed hydra
  1906 | D        | Noticed a centaur warrior
  1906 | D        | Noticed a boulder beetle
  1906 | D        | Noticed a skeletal warrior
  1907 | D        | Noticed an orc knight
  1916 | D        | Killed a skeletal warrior
  1917 | D        | Noticed a purple very ugly thing
  1918 | D        | Killed a boulder beetle
  1919 | D        | Reached skill level 21 in Unarmed Combat
  1919 | D        | Reached skill level 1 in Spellcasting
  1919 | D        | Reached skill level 1 in Transmutations
  1919 | D        | Gained mutation: Your thick and shaggy fur keeps you warm.
                  | (AC +3, rC+) [Felid growth]
  1919 | D        | Reached XP level 12. HP: 50/60 MP: 10/14
  1928 | D        | Killed a centaur warrior
  1984 | D        | Killed a five-headed hydra
  2010 | D        | Killed a purple very ugly thing
  2059 | D        | Bought a scroll of fog for 56 gold pieces
  2059 | D        | Bought a scroll of immolation for 56 gold pieces
  2059 | D        | Bought a scroll of fear for 56 gold pieces
  2065 | D        | Reached skill level 22 in Unarmed Combat
  2072 | D        | Noticed a fire dragon
  2099 | D        | Killed a fire dragon
  2112 | D        | Noticed a fire giant
  2113 | D        | Noticed a stone giant
  2114 | D        | Noticed an ettin
  2120 | D        | HP: 1/60 [fire giant/fireball (32)]
  2400 | D        | Killed from afar by a fire giant
  2401 | D        | Reached XP level 11. HP: -2/55 MP: 17/17
  2524 | D        | Killed a fire giant
  2555 | D        | Killed an ettin
  2574 | D        | Killed a stone giant
  2575 | D        | Reached skill level 23 in Unarmed Combat
  2800 | D        | Noticed Agnes
  2821 | D        | Killed Agnes
  2906 | D        | Noticed a naga ritualist
  2906 | D        | Noticed a shock serpent
  2906 | D        | Noticed an anaconda
  2906 | D        | Noticed a naga sharpshooter
  2906 | D        | Noticed a naga warrior
  2906 | D        | Noticed a naga sharpshooter
  2908 | D        | Killed a naga sharpshooter
  2909 | D        | Reached XP level 12. HP: 60/60 MP: 19/19
  2910 | D        | Killed a naga warrior
  2939 | D        | Killed an anaconda
  2948 | D        | Killed from afar by a shock serpent
  2949 | D        | Reached XP level 11. HP: -17/57 MP: 18/18
  3096 | D        | Killed a shock serpent
  3106 | D        | Killed a naga ritualist
  3107 | D        | Reached skill level 24 in Unarmed Combat
  3128 | D        | Killed a mana viper
  3129 | D        | Reached skill level 5 in Transmutations
  3248 | D        | Killed a shock serpent
  3301 | D        | Noticed a merfolk impaler
  3301 | D        | Noticed a sea snake
  3306 | D        | Reached skill level 5 in Spellcasting
  3306 | D        | Noticed a merfolk aquamancer
  3391 | D        | Killed a sea snake
  3483 | D        | Killed a merfolk impaler
  3489 | D        | Killed a merfolk aquamancer
  3499 | D        | Noticed a bunyip
  3499 | D        | Noticed a shambling mangrove
  3499 | D        | Noticed a spriggan rider
  3499 | D        | Noticed a spriggan druid
  3500 | D        | Noticed an eleionoma
  3506 | D        | Killed a spriggan druid
  3507 | D        | Reached skill level 25 in Unarmed Combat
  3511 | D        | Killed an eleionoma
  3512 | D        | Reached XP level 12. HP: 17/61 MP: 20/20
  3543 | D        | Constricted to death by a shambling mangrove

Illustrated notes

Levels and vault maps discovered:
D:        linesprint [early_d, line_temple, items_1, d_10, items_2, lair_1,
          lair_end, items_3, orc_1, orc_end, items_4, d_15, swamp_1, shoals_1,
          snake_1, spider_1, d_20, vaults_1, items_5, swamp_end, shoals_end,
          snake_end, spider_end, vaults_end, d_27, items_6, zot_1, zot_end,
          crypt_end, forest_end, elf_end, slime_end, tomb_end, abyss_end,
          pan_hell_end]

Skill      XL: |  1  2  3  4  5  6  7  8  9 10 11 12 |
---------------+-------------------------------------+-----
Stealth        | 5 6 9 12 14 17 21 20 | 21.7
Fighting       | 5 6 9 10 11 | 11.9
Dodging        | 7 12 14 15 16 18 | 18.9
Unarmed Combat | 5 6 10 12 14 17 25 22 | 25.2
Evocations     | 2 4 5 6 7 |  7.1
Spellcasting   | 5 3 |  5.3
Transmutations | 5 3 |  5.7

Action                     |  1- 3 |  4- 6 |  7- 9 | 10-12 || total
---------------------------+-------+-------+-------+-------++-------
  Melee: Unarmed           |     9 |    14 |    65 |   442 ||   530
         Punch             |       |     1 |    10 |    55 ||    66
         Bite              |       |     1 |     5 |    64 ||    70
         Headbutt          |       |       |       |    11 ||    11
   Cast: Beastly Appendage |       |       |       |     5 ||     5
         Wereblood         |       |       |       |     5 ||     5
 Invoke: Potion Petition   |       |       |       |     7 ||     7
         Call Merchant     |       |       |       |     1 ||     1
  Evoke: Wand              |       |     5 |     3 |    11 ||    19
    Use: Potion            |     1 |     1 |     2 |    17 ||    21
         Scroll            |       |       |       |     3 ||     3
   Stab: Sleeping          |     3 |       |       |    13 ||    16
         Invisible         |       |       |     5 |       ||     5
         Distracted        |       |       |     1 |     6 ||     7
 Armour: Skin              |       |       |     3 |    21 ||    24
  Dodge: Dodged            |     3 |     6 |    52 |   261 ||   322

Table legend: (Time is in decaauts)
 A = Elapsed time spent in this place.
 B = Non-inter-level travel time spent in this place.
 C = Inter-level travel time spent in this place.
 D = Time resting spent in this place.
 E = Time spent auto-exploring this place.
 F = Levels seen in this place.
 G = Mean time per level.
                   A        B        C        D        E       F      G
               +--------+--------+--------+--------+--------+-----+--------+
         Total |   3011 |   3011 |      0 |    939 |   1091 |   1 | 3011.0 |
       Dungeon |   3011 |   3011 |      0 |    939 |   1091 |   1 | 3011.0 |
               +--------+--------+--------+--------+--------+-----+--------+

Top non-repeatable levels by time:
       D: 3011 daAuts
